 Dungeon Crawl Stone Soup version 0.18.1-48-g4cf74bf (webtiles) character file.

140 Slippy the Sneak (level 5, 24/24 HPs)
             Began as a Spriggan Enchanter on July 21, 2016.
             Quit the game on level 2 of the Dungeon.
             The game lasted 00:07:04 (2001 turns).

Slippy the Sneak (Spriggan Enchanter)               Turns: 2001, Time: 00:07:05

Health: 24/24      AC:  3    Str:  4    XL:     5   Next: 2%
Magic:  13/13      EV: 18    Int: 17    God:
Gold:   51         SH:  0    Dex: 17    Spells: 2 memorised, 10 levels left

rFire  . . .     SeeInvis +     i - +3 dagger
rCold  . . .     Gourm    .     h - +1 robe {MR+}
rNeg   . . .     Faith    .     (shield restricted)
rPois  .         Spirit   .     (helmet restricted)
rElec  .         Dismiss  .     (no cloak)
rCorr  .         Reflect  .     (gloves unavailable)
SustAt +         Harm     .     (boots unavailable)
MR     +....                    (no amulet)
Stlth  ++++......               g - ring of sustain attributes
                                f - ring of flight

@: very quick, somewhat resistant to hostile enchantments, stealthy
A: unfitting armour, see invisible, herbivore 3, speed 3, slow metabolism 2
a: Evoke Flight


You were on level 2 of the Dungeon.
You were not hungry.

You visited 1 branch of the dungeon, and saw 2 of its levels.

You collected 51 gold pieces.

Inventory:

Hand Weapons
 i - a +3 dagger (weapon)
Armour
 h - a +1 robe of magic resistance (worn)
Jewellery
 f - a ring of flight (left hand)
 g - a ring of sustain attributes (right hand)
Scrolls
 b - a scroll of teleportation
Potions
 a - a potion of cancellation {unknown}
 e - a potion of magic {unknown}
 l - a potion of agility {unknown}
Books
 c - a book of Maledictions

   Spells                             Type                      Level
   a - Corona                         Hexes                        1
   b - Ensorcelled Hibernation        Hexes/Ice                    2
   c - Confuse                        Hexes                        3
   d - Tukima's Dance                 Hexes                        3
   e - Dazzling Spray                 Conjuration/Hexes            3
Comestibles
 d - 2 bread rations


   Skills:
 - Level 1.1 Short Blades
 - Level 3.0 Dodging
 + Level 6.0 Stealth
 * Level 4.9 Spellcasting
 + Level 4.5 Hexes


You had 10 spell levels left.
You knew the following spells:

 Your Spells              Type           Power        Failure   Level  Hunger
a - Corona                Hex            ###....      2%          1    None
b - Ensorcelled Hibernat  Hex/Ice        ##....       10%         2    #......


Dungeon Overview and Level Annotations

Branches:
Dungeon (2/15)

Altars:


Innate Abilities, Weirdness & Mutations

You are tiny and cannot use many weapons and most armour.
You have supernaturally acute eyesight.
You are a herbivore.
You cover ground extremely quickly.
You need consume almost no food.


Message History

You see here a giant cockroach corpse.
You see here a hunting sling.
There is a stone staircase leading down here.
Read which item? (? for menu, Esc to quit)
Okay, then.
Read which item? (? for menu, Esc to quit)
As you read the scroll labeled ZIYM IJUHOTZU, it crumbles to dust.
It is a scroll of enchant armour.
Enchant which item? (? for menu, Esc to quit)
Your +0 robe of magic resistance glows green for a moment.
Read which item? (? for menu, Esc to quit)
As you read the scroll labeled ULYZUBOBASER, it crumbles to dust.
You feel aware of your surroundings.
It was a scroll of magic mapping.
Put on which piece of jewellery? (? for menu, Esc to quit)
f - a ring of flight (left hand) Put on which piece of jewellery? (? for menu, Esc to quit)
g - a ring of sustain attributes (right hand) Quiver which item? (- for none, * to show all) (? for menu, Esc to quit)
Okay, then.
Are you sure you want to abandon this character and quit the game? (Confirm with "yes".)

###### #....#
#...)# #....#
##....# ######
###.....# ....[#
#.......#
.....######)##....#
...........†##..@>#
.....#####.#####.##
.....# #.## #.#
.....# #..# #.#
.....# ##(# #.#
###### ###.######
##.(...## #.......#
#≈.....≈#


There were no monsters in sight!

Vanquished Creatures
  Natasha (thrice) (D:2)
  3 adders (D:2)
  An ooze (D:2)
  A dart slug (D:1)
  A giant gecko (D:1)
  A ball python (D:1)
  5 bats
  A giant cockroach (D:2)
  6 hobgoblins
  5 giant newts
  5 goblins
  4 kobolds (D:2)
  4 rats
40 creatures vanquished.

Notes
Turn   | Place    | Note
--------------------------------------------------------------
     0 | D:1      | Slippy the Spriggan Enchanter began the quest for the Orb.
     0 | D:1      | Reached XP level 1. HP: 9/9 MP: 5/5
   566 | D:1      | Reached XP level 2. HP: 6/13 MP: 7/7
   698 | D:1      | Learned a level 2 spell: Ensorcelled Hibernation
   822 | D:1      | Reached skill level 5 in Stealth
  1204 | D:2      | Reached XP level 3. HP: 16/16 MP: 9/9
  1264 | D:2      | Noticed Natasha
  1269 | D:2      | Killed Natasha
  1273 | D:2      | Reached XP level 4. HP: 16/21 MP: 3/11
  1291 | D:2      | Noticed Natasha
  1567 | D:2      | Killed Natasha
  1739 | D:2      | Noticed Natasha
  1744 | D:2      | Killed Natasha
  1744 | D:2      | Reached skill level 6 in Stealth
  1829 | D:2      | Reached XP level 5. HP: 24/24 MP: 13/13
  2001 | D:2      | Quit the game

Skill      XL: |  1  2  3  4 |
---------------+-------------+-----
Spellcasting   | 3 4 |  4.9
Stealth        | 5 6 |  6.0
Hexes          | 4 |  4.5
Short Blades   | |  1.1
Dodging        | |  3.0

Action                   |  1- 3 |  4- 6 || total
-------------------------+-------+-------++-------
Melee: Dagger            |    94 |    29 ||   123
 Cast: Ensorcelled Hiber |     7 |     6 ||    13
  Use: Scroll            |     3 |     2 ||     5
 Stab: Sleeping          |    12 |     6 ||    18
       Distracted        |     1 |     1 ||     2
Armor: Robe              |     8 |     3 ||    11
Dodge: Dodged            |    68 |    27 ||    95
